 Dungeon Crawl Stone Soup version 0.31.0-12-g77e489cdc1 (webtiles) character file.

Game seed: 8253234780185611636

562 lordive the Insei (level 7, -3/45 HPs)
             Began as an Octopode Shapeshifter on Feb 29, 2024.
             Slain by an orc
             ... wielding a +0 dagger
              (4 damage)
             ... on level 4 of the Dungeon.
             The game lasted 00:04:28 (2977 turns).

lordive the Insei (Octopode Shapeshifter)           Turns: 2977, Time: 00:04:29

Health: -3/45      AC:  1    Str: 13    XL:     7   Next: 32%
Magic:  7/7        EV: 19    Int: 12    God:
Gold:   205        SH:  0    Dex: 14    Spells: 6/6 levels left

rFire   . .          .
                       - Unarmed
rCold   . . .        (no shield)
rNeg    . . .        (helmet currently unavailable)
rPois   .            (no amulet)
rElec   .            k - +5 ring of evasion
rCorr   .            (no ring)
SInv    .            (no ring)
Will    .....        (no ring)
Stlth   ++           (no ring)
HPRegen 0.27/turn    (no ring)
MPRegen 0.10/turn    (no ring)
                     (no ring)

%: no passive effects
@: beast-form
A: beast (slay +2), almost no armour, amphibious, 8 rings, camouflage 1,
gelatinous body 1, (nimble swimmer 1), tentacles
a: Begin Untransformation


You were on level 4 of the Dungeon.
You were a hulking beast.
You visited 1 branch of the dungeon, and saw 5 of its levels.

You collected 205 gold pieces.

Inventory:

Missiles
 v - 2 throwing nets (quivered)
Jewellery
 k - a +5 ring of evasion (left tentacle)
 p - a ring of magical power
Talismans
 b - a beast talisman
 c - a flux talisman
Wands
 q - a wand of quicksilver (8)
Scrolls
 e - 3 scrolls of enchant weapon {unknown}
 f - 11 scrolls of identify {unknown}
 g - 3 scrolls of teleportation {unknown}
 h - a scroll of fear {unknown}
 i - a scroll of immolation {unknown}
 r - 2 scrolls of brand weapon {unknown}
 t - a scroll of poison {unknown}
 u - a scroll of enchant armour {unknown}
 w - a scroll of blinking {unknown}
Potions
 a - a potion of lignification
 d - 3 potions of might {unknown}
 j - a potion of berserk rage {unknown}
 l - 2 potions of haste {unknown}
 m - a potion of brilliance {unknown}
 n - a potion of heal wounds {unknown}
 o - a potion of mutation {unknown}
 s - a potion of magic {unknown}


   Skills:
 + Level 2.0 Fighting
 + Level 3.1 Dodging
 + Level 5.9 Unarmed Combat
 * Level 5.1 Shapeshifting


You had 6 spell levels left.
You didn't know any spells.
Your spell library contained the following spells:

 Spells                   Type           Power      Damage    Failure   Level
 Slow                     Hex            0%         N/A       32%         1
 Confusing Touch          Hex            0%         N/A       69%         3
 Gell's Gravitas          Tloc           0%         N/A       69%         3
 Sigil of Binding         Hex            0%         N/A       69%         3
 Teleport Other           Tloc           0%         N/A       69%         3
 Vampiric Draining        Necr           0%         2d6       69%         3
 Dispersal                Tloc           0%         N/A       100%        6


Dungeon Overview and Level Annotations

Branches:
Dungeon (5/15)             Temple (0/1) D:5

Altars:
Gozag
Qazlal
Trog
Vehumet
The Shining One

Annotations:
D:5 Dowan, Duvessa, Pikel


Innate Abilities, Weirdness & Mutations

You are a hulking beast.
Your limbs bulge with bestial killing power. (Slay +2)
You cannot wear most types of armour.
You are amphibious.
You can wear up to eight rings at the same time.
Your skin changes colour to match your surroundings (Stealth+).
Your rubbery body absorbs attacks. (AC +1, EV +1)
((You are camouflaged when in or above water. (Stealth+)))
You have tentacles for arms and can constrict up to eight enemies at once.


Message History

You tentacle-slap the orc wizard but do no damage.
Your grab misses the orc wizard. You squeeze the orc wizard!
The orc wizard is severely wounded.
You tentacle-slap the orc warrior but do no damage.
You grab the orc warrior.
You squeeze the orc warrior, but do no damage.
You constrict the orc warrior, but do no damage.
The orc misses you.
You bludgeon the orc warrior!
The orc warrior is moderately wounded.
You constrict the orc warrior.
The orc warrior hits you with a +0 scimitar!
The orc misses you.
You bludgeon the orc warrior!
The orc warrior is severely wounded.
You constrict the orc warrior.
The orc warrior hits you with a +0 scimitar.
The orc hits you with a +0 dagger.
You tentacle-slap the orc warrior but do no damage.
You tentacle-slap the orc warrior, but do no damage.
The orc warrior is severely wounded.
You constrict the orc warrior.
The orc warrior hits you with a +0 scimitar.
The orc hits you with a +0 dagger.
You are too injured to fight recklessly!
You are too injured to fight recklessly!
You tentacle-slap the orc warrior but do no damage.
You squeeze the orc warrior.
The orc warrior is severely wounded.
You constrict the orc warrior.
The orc warrior hits you with a +0 scimitar!
* * * LOW HITPOINT WARNING * * *
The orc hits you with a +0 dagger.
* * * LOW HITPOINT WARNING * * *
You tentacle-slap the orc warrior.
The orc warrior is almost dead.
You constrict the orc warrior.
You kill the orc warrior!
The orc hits you with a +0 dagger.
You die...

#.#.# #.###.##.....
#.#.###.....####.##
#######.#.........####.##
............###.#......##
.######.###.# #.:.#######
## ##.##.# #.### #
#..###.#.# #.# #
#..o#.#.# # # #h##.#
#.######### #.oo#.#..
#....†.... #.8.. ##.#
#.######### ..($(.. #....
#..###. #.### #. .# #.# #
# #.# #.### #.##.


You could see an orc wizard and 2 orcs.

Vanquished Creatures
  Sigmund (D:3)
  An orc warrior (D:4)
  2 scorpions
  2 bombardier beetles (D:4)
  2 hounds (D:5)
  7 adders
  2 white imps (D:5)
  A dart slug (D:5)
  A ribbon worm (D:2)
  4 orcs (D:4)
  8 ball pythons
  5 endoplasms
  3 giant cockroaches
  4 goblins
  6 hobgoblins
  5 jackals (D:2)
  11 kobolds
  6 quokkas
  4 bats
  4 rats
79 creatures vanquished.

Notes
Turn   | Place    | Note
-------+----------+-------------------------------------------
     0 | D:1      | lordive the Octopode Shapeshifter began the quest for the
                  | Orb.
     0 | D:1      | Reached XP level 1. HP: 13/13 MP: 1/1
    76 | D:1      | Found a faded altar of an unknown god.
   121 | D:1      | Reached XP level 2. HP: 18/18 MP: 2/2
   521 | D:2      | Reached XP level 3. HP: 23/23 MP: 3/3
   932 | D:2      | Reached XP level 4. HP: 28/28 MP: 4/4
  1140 | D:3      | Found a faded altar of an unknown god.
  1245 | D:3      | Found a glowing golden altar of the Shining One.
  1601 | D:3      | Noticed Sigmund
  1610 | D:3      | Killed Sigmund
  1611 | D:3      | Reached XP level 5. HP: 34/34 MP: 5/5
  1611 | D:3      | Reached XP level 6. HP: 39/39 MP: 6/6
  1862 | D:3      | Found a radiant altar of Vehumet.
  1970 | D:4      | Found an opulent altar of Gozag.
  2052 | D:4      | Found a stormy altar of Qazlal.
  2191 | D:4      | Reached skill level 5 in Unarmed Combat
  2324 | D:4      | You fall into a shaft and drop 1 floor!
  2324 | D:5      | Entered Level 5 of the Dungeon
  2428 | D:5      | Found a staircase to the Ecumenical Temple.
  2428 | D:5      | Noticed an ice beast
  2433 | D:5      | Reached skill level 5 in Shapeshifting
  2433 | D:5      | Reached XP level 7. HP: 34/44 MP: 7/7
  2486 | D:5      | Noticed Duvessa
  2490 | D:5      | Noticed Dowan
  2508 | D:5      | Noticed Pikel
  2646 | D:4      | Found a bloodstained altar of Trog.
  2976 | D:4      | HP: 1/45 [orc/+0 dagger (5)]
  2977 | D:4      | Slain by an orc

Illustrated notes

Levels and vault maps discovered:
D:1:      mainiacjoe_arrival_oval_in_oval, layout_rooms,
          hellmonk_ecumenical_altar_crossroads, minmay_quantized
D:2:      layout_rooms
D:3:      cheibrodos_helix_gallery, layout_basic,
          nicolae_overflow_ecumenical_swirl, tso_metal_star, uniq_sigmund
D:4:      layout_loops_ring, general_overflow_altar, trog_hazing_becter,
          amethyst_overflow_temple_binary, mainiacjoe_overflow_24_doors,
          kennysheep_minor_cross, hangedman_abyss_or_decor_lesser_grid,
          guppyfry_early_orc_mine
D:5:      layout_rooms, makhleb_grotto_becter, minmay_temple_entry_hall,
          uniq_pikel, uniq_eustachio, uniq_blork_the_orc, uniq_duvessa

Skill      XL: |  1  2  3  4  5  6  7 |
---------------+----------------------+-----
Shapeshifting  | 4 5 |  5.1
Unarmed Combat | 4 5 |  5.9
Dodging        | 3 |  3.1
Fighting       | 2 |  2.0

Action                     |  1- 3 |  4- 6 |  7- 9 || total
---------------------------+-------+-------+-------++-------
  Melee: Unarmed           |    59 |    67 |    32 ||   158
         Tentacles         |    12 |    18 |    11 ||    41
         Constrict         |    13 |    19 |     9 ||    41
         Punch             |     2 |     1 |     1 ||     4
   Stab: Sleeping          |     4 |     9 |     1 ||    14
 Armour: Skin              |    27 |    12 |    22 ||    61
  Dodge: Dodged            |    33 |    40 |    22 ||    95
